 Dungeon Crawl Stone Soup version 0.29-a0-275-g389c0b56f3 (webtiles) character file.

Game seed: 11327462943206330150

131 bande the Covered (level 5, -2/33 HPs)
             Began as a Gargoyle Fighter on Mar 10, 2022.
             Slain by a river rat (3 damage)
             ... on level 3 of the Dungeon.
             The game lasted 00:03:07 (2098 turns).

bande the Covered (Gargoyle Fighter)                Turns: 2098, Time: 00:03:08

Health: -2/33      AC: 12    Str: 20    XL:     5   Next: 14%
Magic:  5/5        EV:  9    Int:  8    God:
Gold:   120        SH:  4    Dex: 11    Spells: 4/4 levels left

rFire   . . .      SeeInvis .   a - +0 war axe
rCold   . . .      Faith    .   c - +0 buckler
rNeg    + . .      Spirit   .   b - +0 scale mail
rPois   ∞          Reflect  .   (no helmet)
rElec   +          Harm     .   (no cloak)
rCorr   .          Rampage  .   (no gloves)
Will    .....                   j - +0 pair of boots
Stlth   ..........              (no amulet)
HPRegen 0.11/turn               (no ring)
MPRegen 0.09/turn               (no ring)

@: mighty, flying, hasted, very quick
A: sickness immunity, AC +4, negative energy resistance 1, electricity
resistance, torment resistance 1, petrification resistance
a: no special abilities


You were on level 3 of the Dungeon.
You visited 1 branch of the dungeon, and saw 3 of its levels.

You collected 120 gold pieces.

Inventory:

Hand Weapons
 a - a +0 war axe (weapon)
Armour
 b - a +0 scale mail (worn)
 c - a +0 buckler (worn)
 j - a +0 pair of boots (worn)
Jewellery
 p - a ring of wizardry
 q - a ring of positive energy
Wands
 s - a wand of charming (1)
Scrolls
 e - 3 scrolls of noise {unknown}
 f - 2 scrolls of immolation {unknown}
 g - a scroll of torment {unknown}
 h - 2 scrolls of fear {unknown}
 i - a scroll of teleportation {unknown}
 k - a scroll of amnesia {unknown}
 l - a scroll of enchant armour {unknown}
 n - a scroll of magic mapping {unknown}
 t - a scroll of identify {unknown}
Potions
 d - a potion of might
 m - a potion of haste


   Skills:
 + Level 4.0 Fighting
 + Level 3.4 Axes
 + Level 4.0 Armour
 + Level 3.8 Shields
 * Level 0.1 Evocations


You had 4 spell levels left.
You didn't know any spells.
Your spell library contained the following spells:

 Spells                   Type           Power      Damage    Failure   Level
 Ignite Poison            Fire/Tmut/Pois 0%         N/A       99%         3
 Mephitic Cloud           Conj/Pois/Air  0%         N/A       99%         3
 Freezing Cloud           Conj/Ice/Air   0%         6-21      100%        5


Dungeon Overview and Level Annotations

Branches:
Dungeon (3/15)

Altars:


Innate Abilities, Weirdness & Mutations

You are immune to sickness and miasma.
Your stone body is resilient. (AC +4)
You are immune to poison.
You resist negative energy. (rN+)
You are resistant to electric shocks. (rElec)
You are resistant to unholy torment.
You are immune to petrification.


Message History

The river rat barely misses you. You block the river rat's attack. x2
The river rat bites you but does no damage.
Unknown command.
It was a potion of haste.
You feel yourself speed up. The river rat bites you.
* * * LOW HITPOINT WARNING * * *
The river rat bites you but does no damage.
It was a potion of flight.
You feel very buoyant.
You fly up into the air.
It was a potion of magic.
Magic courses through your body.
The river rat bites you but does no damage. x2
You hit the river rat.
The river rat is moderately wounded.
You hit the river rat but do no damage. The river rat closely misses you.
You block the river rat's attack.
Unknown command.
You hit the river rat but do no damage.
The river rat is moderately wounded.
You barely miss the river rat. You block the river rat's attack.
The river rat bites you.
* * * LOW HITPOINT WARNING * * *
Unknown command.
You closely miss the river rat.
The river rat is moderately wounded.
You closely miss the river rat. The river rat bites you.
* * * LOW HITPOINT WARNING * * *
The river rat barely misses you.
Unknown command.
You barely miss the river rat.
The river rat is moderately wounded.
You closely miss the river rat. The river rat barely misses you.
The river rat closely misses you.
Unknown command.
You feel very mighty all of a sudden.
You slash the river rat!
You kill the river rat!
You hit the river rat but do no damage.
The river rat twitches its whiskers.
The river rat bites you.
You die...

#.##.......#.#......#...#
#.....###.########...#
#########...# ..# ≈
#≈≈≈#†..# ..# ##
#≈#†#≈#≈..######. .#
≈≈≈≈#≈#≈#≈#≈.........
#≈≈≈≈≈#≈≈≈≈........
#######≈#≈#≈.........
≈≈≈≈≈≈r@#≈≈≈.........
#≈#######≈#...#......
#≈≈≈..#......
.##########≈≈...#......
...............##......
............)..# .....
...............# ....
........(......#
#######........#


You could see a river rat.

Vanquished Creatures
  2 river rats (D:3)
  5 adders
  4 worms
  5 dart slugs
  An orc (D:3)
  6 endoplasms
  3 giant cockroaches
  3 goblins
  4 hobgoblins
  5 kobolds
  5 quokkas (D:1)
  2 ball pythons (D:1)
  3 bats (D:2)
  2 frilled lizards (D:1)
  7 rats
57 creatures vanquished.

Vanquished Creatures (others)
  5 plants (D:2)
5 creatures vanquished.

Grand Total: 62 creatures vanquished

Notes
Turn   | Place    | Note
-------+----------+-------------------------------------------
     0 | D:1      | bande the Gargoyle Fighter began the quest for the Orb.
     0 | D:1      | Reached XP level 1. HP: 14/14 MP: 1/1
    77 | D:1      | Reached XP level 2. HP: 16/19 MP: 2/2
   408 | D:1      | Reached XP level 3. HP: 23/23 MP: 3/3
   979 | D:2      | Reached XP level 4. HP: 13/29 MP: 4/4
  1789 | D:2      | Found a faded altar of an unknown god.
  2057 | D:3      | Reached XP level 5. HP: 33/33 MP: 5/5
  2095 | D:3      | HP: 1/33 [river rat (4)]
  2098 | D:3      | Slain by a river rat

Illustrated notes

Levels and vault maps discovered:
D:1:      minmay_arrival_cross, layout_rooms, minmay_indecisive_spiral
D:2:      layout_loops_corners, shapermc_ecumenical_altar_hornbeckon
D:3:      layout_basic, lightli_sewer_entry_pipes

Skill      XL: |  1  2  3  4  5 |
---------------+----------------+-----
Axes           | 2 3 |  3.4
Armour         | 4 |  4.0
Fighting       | 4 |  4.0
Shields        | |  3.8
Evocations     | |  0.1

Action                   |  1- 3 |  4- 6 || total
-------------------------+-------+-------++-------
Melee: War axe           |    84 |   101 ||   185
  Use: Potion            |       |     4 ||     4
Armor: Scale mail        |    41 |    55 ||    96
Dodge: Dodged            |    47 |    57 ||   104
Block: Buckler           |    12 |    32 ||    44

Table legend: (Time is in decaauts)
 A = Elapsed time spent in this place.
 B = Non-inter-level travel time spent in this place.
 C = Inter-level travel time spent in this place.
 D = Time resting spent in this place.
 E = Time spent auto-exploring this place.
 F = Levels seen in this place.
 G = Mean time per level.
                   A        B        C        D        E       F      G
               +--------+--------+--------+--------+--------+-----+--------+
         Total |   2180 |   2129 |     51 |     85 |   1476 |   3 |  726.7 |
       Dungeon |   2180 |   2129 |     51 |     85 |   1476 |   3 |  726.7 |
               +--------+--------+--------+--------+--------+-----+--------+

Top non-repeatable levels by time:
     D:2: 1219 daAuts
     D:1: 745 daAuts
     D:3: 215 daAuts
